| TOP OF THE 1ST |
|
Oakland (WIN) Athletics batting - Pitching for Los Angeles (WIN) Angels : RHP Erick Vazquez
|
|
Pitching: RHP Erick Vazquez
|
|
|
Batting: SHB Robert Santiago
|
0-0: Ball 1-0: Ball 2-0: SINGLE (Line Drive, 89S, EV 100.0 MPH)
|
|
Batting: LHB Zachary DeLuca
|
0-0: Ball Robert Santiago steals 2nd base 1-0: Foul Ball, location: 2F 1-1: Fly out, F8 (Flyball, 8RS, EV 75.6 MPH)
|
|
Batting: SHB Quincy Bradford
|
0-0: Foul Ball, location: 2F 0-1: Called Strike 0-2: Ball 1-2: Strikes out swinging
|
|
Batting: SHB D.J. Codd
|
0-0: Ball 1-0: Ball 2-0: Foul Ball, location: 2F 2-1: Ball 3-1: Foul Ball, location: 2F 3-2: Base on Balls
|
|
Batting: RHB Robby Godwin
|
0-0: Foul Ball, location: 2F 0-1: Swinging Strike 0-2: Strikes out looking
|
| Top of the 1st over - 0 runs, 1 hit, 0 errors, 2 left on base; Oakland (WIN) 0 - Los Angeles (WIN) 0 |
| BOTTOM OF THE 1ST |
|
Los Angeles (WIN) Angels batting - Pitching for Oakland (WIN) Athletics : RHP Corbin Schenn
|
|
Pitching: RHP Corbin Schenn
|
|
|
Batting: LHB Rusty Ney
|
0-0: Swinging Strike 0-1: Called Strike 0-2: Ball 1-2: Ball 2-2: SOLO HOME RUN (Flyball, 89XD, EV 108.8 MPH), Distance : 421 ft
|
|
Batting: RHB Mike Alm
|
0-0: Called Strike 0-1: Fly out, F8 (Line Drive, 8RS, EV 93.8 MPH)
|
|
Batting: RHB Bjoern Waltersson
|
0-0: Ball 1-0: Ball 2-0: Called Strike 2-1: Ball 3-1: Called Strike 3-2: SINGLE (Flyball, 34D, EV 90.6 MPH)
|
|
Batting: RHB Luis Romero
|
0-0: Called Strike 0-1: Ball 1-1: Ball 2-1: Foul Ball, location: 2F 2-2: Grounds into double play, 4-6-3 (Groundball, 4, EV 103.8 MPH)
|
| Bottom of the 1st over - 1 run, 2 hits, 0 errors, 0 left on base; Oakland (WIN) 0 - Los Angeles (WIN) 1 |
| TOP OF THE 2ND |
|
Oakland (WIN) Athletics batting - Pitching for Los Angeles (WIN) Angels : RHP Erick Vazquez
|
|
Batting: RHB Dave Glenn
|
0-0: Foul Ball, location: 2F 0-1: Foul Ball, location: 2F 0-2: Strikes out looking
|
|
Batting: LHB Chance Stever
|
0-0: Called Strike 0-1: Ball 1-1: Ball 2-1: Called Strike 2-2: Strikes out looking
|
|
Batting: SHB Ryan Chicoine
|
0-0: Ball 1-0: Hit by Pitch
|
|
Batting: RHB Eduardo Chavez
|
0-0: DOUBLE (Line Drive, 78M, EV 103.1 MPH) Ryan Chicoine to third Runner from 3rd tries for Home, SAFE, no throw by CF
|
|
Batting: SHB Robert Santiago
|
0-0: Ball 1-0: Called Strike 1-1: Foul Ball, location: 2F 1-2: Strikes out swinging
|
| Top of the 2nd over - 1 run, 1 hit, 0 errors, 1 left on base; Oakland (WIN) 1 - Los Angeles (WIN) 1 |
| BOTTOM OF THE 2ND |
|
Los Angeles (WIN) Angels batting - Pitching for Oakland (WIN) Athletics : RHP Corbin Schenn
|
|
Batting: LHB Justin Alexander
|
0-0: SINGLE (Groundball, 3L, EV 77.5 MPH) (infield hit)
|
|
Batting: LHB Griffin Ferris
|
0-0: Ball 1-0: Ball 2-0: Foul Ball, location: 2F 2-1: Ball 3-1: Foul Ball, location: 2F 3-2: SINGLE (Groundball, 6MD, EV 103.8 MPH) Justin Alexander to second Justin Alexander to third
|
|
Batting: LHB James McCauley
|
0-0: SINGLE (Groundball, 34D, EV 96.2 MPH) Justin Alexander scores Griffin Ferris to second Runner from 2nd tries for 3rd, SAFE, throw by RF made to third
|
|
Batting: RHB Danny Bjarnson
|
0-0: Called Strike 0-1: Ball 1-1: DOUBLE (Line Drive, 9LM, EV 94.4 MPH) Griffin Ferris scores James McCauley to third
|
|
Batting: RHB Timoleon Tsikouna
|
0-0: Ball 1-0: Called Strike 1-1: Foul Ball, location: 2F 1-2: Ball 2-2: Strikes out swinging
|
|
Batting: LHB Rusty Ney
|
0-0: Called Strike 0-1: Foul Ball, location: 2F 0-2: Ball 1-2: Ball 2-2: Ball 3-2: Strikes out looking
|
|
Batting: RHB Mike Alm
|
0-0: Called Strike 0-1: Ball 1-1: Foul Ball, location: 2F 1-2: Foul Ball, location: 2F 1-2: SINGLE (Groundball, 56D, EV 101.9 MPH) James McCauley scores Danny Bjarnson to third Runner from 3rd tries for Home, SAFE, throw by LF to home Mike Alm to second
|
|
Batting: RHB Bjoern Waltersson
|
0-0: Ball 1-0: Ball 2-0: Called Strike 2-1: Swinging Strike 2-2: Strikes out swinging
|
| Bottom of the 2nd over - 4 runs, 5 hits, 0 errors, 1 left on base; Oakland (WIN) 1 - Los Angeles (WIN) 5 |
| TOP OF THE 3RD |
|
Oakland (WIN) Athletics batting - Pitching for Los Angeles (WIN) Angels : RHP Erick Vazquez
|
|
Batting: LHB Zachary DeLuca
|
0-0: Called Strike 0-1: Ball 1-1: Ball 2-1: Called Strike 2-2: Foul Ball, location: 2F 2-2: Strikes out looking
|
|
Batting: SHB Quincy Bradford
|
0-0: Foul Ball, location: 2F 0-1: Ground out 6-3 (Groundball, 56, EV 91.2 MPH)
|
|
Batting: SHB D.J. Codd
|
0-0: Called Strike 0-1: Ball 1-1: Swinging Strike 1-2: Strikes out swinging
|
| Top of the 3rd over - 0 runs, 0 hits, 0 errors, 0 left on base; Oakland (WIN) 1 - Los Angeles (WIN) 5 |
| BOTTOM OF THE 3RD |
|
Los Angeles (WIN) Angels batting - Pitching for Oakland (WIN) Athletics : RHP Corbin Schenn
|
|
Batting: RHB Luis Romero
|
0-0: Swinging Strike 0-1: Ball 1-1: Foul Ball, location: 2F 1-2: Ball 2-2: Strikes out swinging
|
|
Batting: LHB Justin Alexander
|
0-0: Ball 1-0: Ball 2-0: Called Strike 2-1: Fly out, F8 (Flyball, 8RD, EV 79.4 MPH)
|
|
Batting: LHB Griffin Ferris
|
0-0: Called Strike 0-1: Foul Ball, location: 2F 0-2: Ball 1-2: Ball 2-2: Ball 3-2: Strikes out swinging
|
| Bottom of the 3rd over - 0 runs, 0 hits, 0 errors, 0 left on base; Oakland (WIN) 1 - Los Angeles (WIN) 5 |
| TOP OF THE 4TH |
|
Oakland (WIN) Athletics batting - Pitching for Los Angeles (WIN) Angels : RHP Erick Vazquez
|
|
Batting: RHB Robby Godwin
|
0-0: Ball 1-0: Ball 2-0: Called Strike 2-1: Foul Ball, location: 2F 2-2: Ball 3-2: Fly out, F8 (Flyball, 8LM, EV 88.1 MPH)
|
|
Batting: RHB Dave Glenn
|
0-0: SINGLE (Line Drive, 5D, EV 98.1 MPH)
|
|
Batting: LHB Chance Stever
|
0-0: Called Strike 0-1: Swinging Strike 0-2: Strikes out looking
|
|
Batting: SHB Ryan Chicoine
|
0-0: Called Strike 0-1: Ground out U3 (Groundball, 3L, EV 102.5 MPH)
|
| Top of the 4th over - 0 runs, 1 hit, 0 errors, 1 left on base; Oakland (WIN) 1 - Los Angeles (WIN) 5 |
| BOTTOM OF THE 4TH |
|
Los Angeles (WIN) Angels batting - Pitching for Oakland (WIN) Athletics : RHP Corbin Schenn
|
|
Batting: LHB James McCauley
|
0-0: Called Strike 0-1: Ball 1-1: Fly out, F8 (Flyball, 8LM, EV 83.8 MPH)
|
|
Batting: RHB Danny Bjarnson
|
0-0: Swinging Strike 0-1: Ball 1-1: Foul Ball, location: 2F 1-2: Ground out 4-3 (Groundball, 4S, EV 70.0 MPH)
|
|
Batting: RHB Timoleon Tsikouna
|
0-0: Ball 1-0: Ball 2-0: Called Strike 2-1: Ball 3-1: Called Strike 3-2: Strikes out swinging
|
| Bottom of the 4th over - 0 runs, 0 hits, 0 errors, 0 left on base; Oakland (WIN) 1 - Los Angeles (WIN) 5 |
| TOP OF THE 5TH |
|
Oakland (WIN) Athletics batting - Pitching for Los Angeles (WIN) Angels : RHP Erick Vazquez
|
|
Batting: RHB Eduardo Chavez
|
0-0: Foul Ball, location: 2F 0-1: DOUBLE (Line Drive, 7LS, EV 90.0 MPH)
|
|
Batting: SHB Robert Santiago
|
0-0: Called Strike 0-1: Ball 1-1: Foul Ball, location: 2F 1-2: Strikes out swinging
|
|
Batting: LHB Zachary DeLuca
|
0-0: Ball 1-0: Ground out 3-1 (Groundball, 34, EV 81.9 MPH) Eduardo Chavez to third
|
|
Batting: SHB Quincy Bradford
|
0-0: Ball 1-0: Foul Ball, location: 2F 1-1: Fly out, F8 (Line Drive, 8RS, EV 95.0 MPH)
|
| Top of the 5th over - 0 runs, 1 hit, 0 errors, 1 left on base; Oakland (WIN) 1 - Los Angeles (WIN) 5 |
| BOTTOM OF THE 5TH |
|
Los Angeles (WIN) Angels batting - Pitching for Oakland (WIN) Athletics : RHP Corbin Schenn
|
|
Pitching: RHP Aaron Garard
|
|
|
Batting: LHB Rusty Ney
|
0-0: Ground out 5-3 (Groundball, 5, EV 79.4 MPH)
|
|
Batting: RHB Mike Alm
|
0-0: Called Strike 0-1: Foul Ball, location: 2F 0-2: Ball 1-2: Foul Ball, location: 2F 1-2: Fly out, F7 (Flyball, 7D, EV 101.9 MPH)
|
|
Batting: RHB Bjoern Waltersson
|
0-0: Ball 1-0: Ball 2-0: Swinging Strike 2-1: Called Strike 2-2: Ball 3-2: Fly out, F8 (Flyball, 8RM, EV 92.5 MPH)
|
| Bottom of the 5th over - 0 runs, 0 hits, 0 errors, 0 left on base; Oakland (WIN) 1 - Los Angeles (WIN) 5 |
| TOP OF THE 6TH |
|
Oakland (WIN) Athletics batting - Pitching for Los Angeles (WIN) Angels : RHP Erick Vazquez
|
|
Batting: SHB D.J. Codd
|
0-0: Ball 1-0: Ball 2-0: Ball 3-0: Base on Balls
|
|
Batting: RHB Robby Godwin
|
0-0: Grounds into double play, 5-4-3 (Groundball, 56, EV 83.8 MPH)
|
|
Batting: RHB Dave Glenn
|
0-0: Called Strike 0-1: Ball 1-1: Ball 2-1: Ground out 5-3 (Groundball, 56, EV 107.5 MPH)
|
| Top of the 6th over - 0 runs, 0 hits, 0 errors, 0 left on base; Oakland (WIN) 1 - Los Angeles (WIN) 5 |
| BOTTOM OF THE 6TH |
|
Los Angeles (WIN) Angels batting - Pitching for Oakland (WIN) Athletics : RHP Aaron Garard
|
|
Batting: RHB Luis Romero
|
0-0: Foul Ball, location: 2F 0-1: Ball 1-1: Foul Ball, location: 2F 1-2: Strikes out swinging
|
|
Batting: LHB Justin Alexander
|
0-0: Ground out 6-3 (Groundball, 6, EV 104.4 MPH)
|
|
Batting: LHB Griffin Ferris
|
0-0: Ball 1-0: Ball 2-0: Ball 3-0: Base on Balls
|
|
Batting: LHB James McCauley
|
0-0: Foul Ball, location: 2F 0-1: Foul Ball, location: 2F 0-2: SINGLE (Flyball, 9, EV 83.8 MPH) Griffin Ferris to second Runner from 2nd tries for 3rd, SAFE, no throw by RF
|
|
Batting: RHB Danny Bjarnson
|
0-0: Called Strike 0-1: Called Strike 0-2: Foul Ball, location: 2F 0-2: Ball 1-2: Strikes out looking
|
| Bottom of the 6th over - 0 runs, 1 hit, 0 errors, 2 left on base; Oakland (WIN) 1 - Los Angeles (WIN) 5 |
| TOP OF THE 7TH |
|
Oakland (WIN) Athletics batting - Pitching for Los Angeles (WIN) Angels : RHP Erick Vazquez
|
|
Batting: LHB Chance Stever
|
0-0: Called Strike 0-1: SOLO HOME RUN (Flyball, 78XD, EV 112.5 MPH), Distance : 420 ft
|
|
Pitching: RHP Ricky Castillo
|
|
|
Batting: SHB Ryan Chicoine
|
0-0: Called Strike 0-1: Ball 1-1: Ball 2-1: Ball 3-1: Swinging Strike 3-2: Strikes out swinging
|
|
Batting: RHB Eduardo Chavez
|
0-0: Swinging Strike 0-1: Ground out 5-3 (Groundball, 56, EV 82.5 MPH)
|
|
Batting: SHB Robert Santiago
|
0-0: Ball 1-0: Ball 2-0: Called Strike 2-1: Ball 3-1: Ground out 6-3 (Groundball, 6, EV 81.9 MPH)
|
| Top of the 7th over - 1 run, 1 hit, 0 errors, 0 left on base; Oakland (WIN) 2 - Los Angeles (WIN) 5 |
| BOTTOM OF THE 7TH |
|
Los Angeles (WIN) Angels batting - Pitching for Oakland (WIN) Athletics : RHP Aaron Garard
|
|
Batting: RHB Timoleon Tsikouna
|
0-0: Ball 1-0: SINGLE (Line Drive, 34, EV 100.6 MPH)
|
|
Batting: LHB Rusty Ney
|
0-0: Bunt - Flyout to P - DP at third! 1-3
|
|
Batting: RHB Mike Alm
|
0-0: Foul Ball, location: 2F 0-1: Ball 1-1: Foul Ball, location: 2F 1-2: Ball 2-2: Strikes out swinging
|
| Bottom of the 7th over - 0 runs, 1 hit, 0 errors, 0 left on base; Oakland (WIN) 2 - Los Angeles (WIN) 5 |
| TOP OF THE 8TH |
|
Oakland (WIN) Athletics batting - Pitching for Los Angeles (WIN) Angels : RHP Ricky Castillo
|
|
Batting: LHB Zachary DeLuca
|
0-0: Swinging Strike 0-1: Swinging Strike 0-2: Strikes out swinging, 2-3 out at first.
|
|
Batting: SHB Quincy Bradford
|
0-0: Ball 1-0: Called Strike 1-1: Called Strike 1-2: Ball 2-2: Foul Ball, location: 2F 2-2: SINGLE (Line Drive, 7LS, EV 103.1 MPH)
|
|
Batting: SHB D.J. Codd
|
0-0: Ball 1-0: 2-RUN HOME RUN (Flyball, 9LD, EV 91.9 MPH), Distance : 357 ft
|
|
Batting: RHB Robby Godwin
|
0-0: Swinging Strike 0-1: Ball 1-1: Called Strike 1-2: Strikes out looking
|
|
Batting: RHB Dave Glenn
|
0-0: Swinging Strike 0-1: Ball 1-1: Ball 2-1: Ball 3-1: Base on Balls
|
|
Pitching: RHP Jon Griffin
|
|
|
Batting: LHB Chance Stever
|
0-0: Ball 1-0: Called Strike 1-1: Foul Ball, location: 2F 1-2: Strikes out swinging
|
| Top of the 8th over - 2 runs, 2 hits, 0 errors, 1 left on base; Oakland (WIN) 4 - Los Angeles (WIN) 5 |
| BOTTOM OF THE 8TH |
|
Los Angeles (WIN) Angels batting - Pitching for Oakland (WIN) Athletics : RHP Aaron Garard
|
|
Batting: RHB Bjoern Waltersson
|
0-0: Called Strike 0-1: Foul Ball, location: 2F 0-2: Foul Ball, location: 2F 0-2: Ball 1-2: Fly out, F5 (Popup, 56S, EV 68.8 MPH)
|
|
Batting: RHB Luis Romero
|
0-0: Ball 1-0: Called Strike 1-1: Ball 2-1: Ball 3-1: Base on Balls
|
|
Batting: LHB Justin Alexander
|
0-0: Ball 1-0: Ball Luis Romero steals 2nd base 2-0: Ball 3-0: Called Strike 3-1: Base on Balls
|
|
Batting: LHB Griffin Ferris
|
0-0: Called Strike 0-1: Swinging Strike 0-2: Strikes out swinging
|
|
Pitching: RHP Andrew Douglas
|
|
|
Batting: LHB James McCauley
|
0-0: Foul Ball, location: 2F 0-1: Ball 1-1: Swinging Strike 1-2: Ball 2-2: Strikes out swinging
|
| Bottom of the 8th over - 0 runs, 0 hits, 0 errors, 2 left on base; Oakland (WIN) 4 - Los Angeles (WIN) 5 |
| TOP OF THE 9TH |
|
Oakland (WIN) Athletics batting - Pitching for Los Angeles (WIN) Angels : RHP Jon Griffin
|
|
Now in LF: Reginald McDougall
|
|
|
Now in CF: Bjoern Waltersson
|
|
|
Batting: SHB Ryan Chicoine
|
0-0: Foul Ball, location: 2F 0-1: Swinging Strike 0-2: Ball 1-2: Ball 2-2: DOUBLE (Line Drive, 9LS, EV 104.4 MPH)
|
|
Pinch Hitting: LHB Nick Pacheco
|
0-0: Ball 1-0: Foul Ball, location: 2F 1-1: Swinging Strike 1-2: Strikes out swinging
|
|
Batting: SHB Robert Santiago
|
0-0: SINGLE (Line Drive, 89S, EV 88.8 MPH) Ryan Chicoine to third Runner from 3rd tries for Home, SAFE, throw by RF to home
|
|
Batting: LHB Zachary DeLuca
|
0-0: Swinging Strike 0-1: SINGLE (Flyball, 56D, EV 85.6 MPH) Robert Santiago to second
|
|
Batting: SHB Quincy Bradford
|
0-0: Ball 1-0: Swinging Strike 1-1: Called Strike Robert Santiago is caught stealing 3rd base 2-5 Zachary DeLuca to second 1-2: Ball 2-2: Foul Ball, location: 2F 2-2: Foul Ball, location: 2F 2-2: Ball 3-2: Intentional Walk
|
|
Pitching: RHP Gus Morante
|
|
|
Batting: SHB D.J. Codd
|
0-0: Swinging Strike 0-1: Ball 1-1: Swinging Strike 1-2: Strikes out swinging
|
| Top of the 9th over - 1 run, 3 hits, 0 errors, 2 left on base; Oakland (WIN) 5 - Los Angeles (WIN) 5 |
| BOTTOM OF THE 9TH |
|
Los Angeles (WIN) Angels batting - Pitching for Oakland (WIN) Athletics : RHP Andrew Douglas
|
|
Now at 2B: Tim Cordle
|
|
|
Batting: RHB Danny Bjarnson
|
0-0: Ball 1-0: Ball 2-0: Ball 3-0: Called Strike 3-1: Ground out 5-3 (Groundball, 56S, EV 85.0 MPH)
|
|
Batting: RHB Timoleon Tsikouna
|
0-0: Called Strike 0-1: Ball 1-1: Foul Ball, location: 2F 1-2: Ball 2-2: Ground out 6-3 (Groundball, 56, EV 101.9 MPH)
|
|
Batting: LHB Rusty Ney
|
0-0: DOUBLE (Flyball, 8LXD, EV 97.5 MPH)
|
|
Batting: RHB Mike Alm
|
0-0: Fly out, F6 (Flyball, 56D, EV 93.8 MPH)
|
| Bottom of the 9th over - 0 runs, 1 hit, 0 errors, 1 left on base; Oakland (WIN) 5 - Los Angeles (WIN) 5 |
| TOP OF THE 10TH |
|
Oakland (WIN) Athletics batting - Pitching for Los Angeles (WIN) Angels : RHP Gus Morante
|
|
Batting: RHB Robby Godwin
|
0-0: Called Strike 0-1: DOUBLE (Line Drive, 78M, EV 91.2 MPH)
|
|
Batting: RHB Dave Glenn
|
0-0: Called Strike 0-1: Foul Ball, location: 2F 0-2: Ball 1-2: Ball 2-2: Strikes out swinging
|
|
Batting: LHB Chance Stever
|
0-0: Foul Ball, location: 2F 0-1: Foul Ball, location: 2F 0-2: Ball 1-2: Ball 2-2: Fly out, F9 (Line Drive, 9, EV 91.9 MPH)
|
|
Batting: SHB Ryan Chicoine
|
0-0: Ball 1-0: Called Strike 1-1: Foul Ball, location: 2F 1-2: Ball 2-2: Ball 3-2: Strikes out looking
|
| Top of the 10th over - 0 runs, 1 hit, 0 errors, 1 left on base; Oakland (WIN) 5 - Los Angeles (WIN) 5 |
| BOTTOM OF THE 10TH |
|
Los Angeles (WIN) Angels batting - Pitching for Oakland (WIN) Athletics : RHP Andrew Douglas
|
|
Pitching: RHP Germano Nunes
|
|
|
Batting: RHB Bjoern Waltersson
|
0-0: Fly out, F8 (Line Drive, 8LM, EV 85.0 MPH)
|
|
Batting: RHB Luis Romero
|
0-0: Ball 1-0: Swinging Strike 1-1: Ball 2-1: Ball 3-1: Swinging Strike 3-2: Strikes out swinging
|
|
Batting: LHB Justin Alexander
|
0-0: Ball 1-0: Ground out U3 (Groundball, 3S, EV 70.0 MPH)
|
| Bottom of the 10th over - 0 runs, 0 hits, 0 errors, 0 left on base; Oakland (WIN) 5 - Los Angeles (WIN) 5 |
| TOP OF THE 11TH |
|
Oakland (WIN) Athletics batting - Pitching for Los Angeles (WIN) Angels : RHP Gus Morante
|
|
Batting: RHB Tim Cordle
|
0-0: Ground out 5-3 (Groundball, 5, EV 84.4 MPH)
|
|
Batting: SHB Robert Santiago
|
0-0: Called Strike 0-1: Swinging Strike 0-2: Foul Ball, location: 2F 0-2: Ball 1-2: Foul Ball, location: 2F 1-2: Foul Ball, location: 2F 1-2: Ball 2-2: Fly out, F8 (Line Drive, 8RD, EV 95.6 MPH)
|
|
Batting: LHB Zachary DeLuca
|
0-0: Swinging Strike 0-1: Ball 1-1: Swinging Strike 1-2: Foul Ball, location: 2F 1-2: Ball 2-2: Foul Ball, location: 2F 2-2: Ball 3-2: Foul Ball, location: 2F 3-2: Base on Balls
|
|
Batting: SHB Quincy Bradford
|
0-0: SINGLE (Flyball, 89S, EV 98.1 MPH) Zachary DeLuca to second Runner from 2nd tries for 3rd, OUT! 9-5
|
| Top of the 11th over - 0 runs, 1 hit, 0 errors, 1 left on base; Oakland (WIN) 5 - Los Angeles (WIN) 5 |
| BOTTOM OF THE 11TH |
|
Los Angeles (WIN) Angels batting - Pitching for Oakland (WIN) Athletics : RHP Germano Nunes
|
|
Batting: LHB Griffin Ferris
|
0-0: Ball 1-0: Ball 2-0: Ball 3-0: Foul Ball, location: 2F 3-1: Fly out, F7 (Flyball, 7S, EV 73.1 MPH)
|
|
Pinch Hitting: LHB Barrfhionn O'Toole
|
0-0: Ball 1-0: Ball 2-0: Ball 3-0: Base on Balls
|
|
Batting: RHB Danny Bjarnson
|
0-0: Swinging Strike 0-1: Foul Ball, location: 2F 0-2: Foul Ball, location: 2F 0-2: SINGLE (Line Drive, 89S, EV 105.0 MPH) Barrfhionn O'Toole to second
|
|
Batting: RHB Timoleon Tsikouna
|
0-0: Foul Ball, location: 2F 0-1: Foul Ball, location: 2F 0-2: Fly out, F9 (Line Drive, 9LM, EV 94.4 MPH)
|
|
Batting: LHB Rusty Ney
|
0-0: Called Strike 0-1: Foul Ball, location: 2F 0-2: Foul Ball, location: 2F 0-2: Ball 1-2: Strikes out swinging
|
| Bottom of the 11th over - 0 runs, 1 hit, 0 errors, 2 left on base; Oakland (WIN) 5 - Los Angeles (WIN) 5 |
| TOP OF THE 12TH |
|
Oakland (WIN) Athletics batting - Pitching for Los Angeles (WIN) Angels : RHP Gus Morante
|
|
Now in LF: Rusty Ney
|
|
|
Now in RF: Barrfhionn O'Toole
|
|
|
Batting: SHB D.J. Codd
|
0-0: Called Strike 0-1: Foul Ball, location: 2F 0-2: Strikes out swinging
|
|
Batting: RHB Robby Godwin
|
0-0: Ball 1-0: Ball 2-0: Called Strike 2-1: Called Strike 2-2: Strikes out swinging
|
|
Batting: RHB Dave Glenn
|
0-0: Called Strike 0-1: Ball 1-1: Ball 2-1: Ground out 5-3 (Groundball, 56S, EV 78.8 MPH)
|
| Top of the 12th over - 0 runs, 0 hits, 0 errors, 0 left on base; Oakland (WIN) 5 - Los Angeles (WIN) 5 |
| BOTTOM OF THE 12TH |
|
Los Angeles (WIN) Angels batting - Pitching for Oakland (WIN) Athletics : RHP Germano Nunes
|
|
Pitching: RHP Carlos Alaniz
|
|
|
Batting: RHB Mike Alm
|
0-0: Called Strike 0-1: Swinging Strike 0-2: Ball 1-2: Ball 2-2: Ball 3-2: Foul Ball, location: 2F 3-2: Strikes out swinging
|
|
Batting: RHB Bjoern Waltersson
|
0-0: SINGLE (Groundball, 56D, EV 108.1 MPH)
|
|
Batting: RHB Luis Romero
|
0-0: Foul Ball, location: 2F 0-1: Called Strike 0-2: Ball 1-2: Strikes out looking
|
|
Batting: LHB Justin Alexander
|
0-0: Ball 1-0: Foul Ball, location: 2F 1-1: Ball Bjoern Waltersson is caught stealing 2nd base 2-6
|
| Bottom of the 12th over - 0 runs, 1 hit, 0 errors, 0 left on base; Oakland (WIN) 5 - Los Angeles (WIN) 5 |
| TOP OF THE 13TH |
|
Oakland (WIN) Athletics batting - Pitching for Los Angeles (WIN) Angels : RHP Gus Morante
|
|
Pitching: RHP Danny Nava
|
|
|
Batting: LHB Chance Stever
|
0-0: Ball 1-0: Ball 2-0: Swinging Strike 2-1: Foul Ball, location: 2F 2-2: Ball 3-2: Strikes out swinging
|
|
Batting: SHB Ryan Chicoine
|
0-0: Called Strike 0-1: Swinging Strike 0-2: Strikes out swinging
|
|
Batting: RHB Tim Cordle
|
0-0: Called Strike 0-1: Foul Ball, location: 2F 0-2: Strikes out looking
|
| Top of the 13th over - 0 runs, 0 hits, 0 errors, 0 left on base; Oakland (WIN) 5 - Los Angeles (WIN) 5 |
| BOTTOM OF THE 13TH |
|
Los Angeles (WIN) Angels batting - Pitching for Oakland (WIN) Athletics : RHP Carlos Alaniz
|
|
Batting: LHB Justin Alexander
|
0-0: Called Strike 0-1: Ball 1-1: Ball 2-1: Swinging Strike 2-2: Strikes out swinging
|
|
Batting: LHB Griffin Ferris
|
0-0: Ball 1-0: SINGLE (Groundball, 4D, EV 105.0 MPH)
|
|
Batting: LHB Barrfhionn O'Toole
|
0-0: Ball 1-0: Called Strike 1-1: Foul Ball, location: 2F 1-2: Foul Ball, location: 2F 1-2: Strikes out swinging
|
|
Batting: RHB Danny Bjarnson
|
0-0: Called Strike 0-1: Ground out 4-3 (Groundball, 34, EV 103.1 MPH)
|
| Bottom of the 13th over - 0 runs, 1 hit, 0 errors, 1 left on base; Oakland (WIN) 5 - Los Angeles (WIN) 5 |
| TOP OF THE 14TH |
|
Oakland (WIN) Athletics batting - Pitching for Los Angeles (WIN) Angels : RHP Danny Nava
|
|
Batting: SHB Robert Santiago
|
0-0: Swinging Strike 0-1: Ball 1-1: Foul Ball, location: 2F 1-2: Ground out 6-3 (Groundball, 6S, EV 73.1 MPH)
|
|
Batting: LHB Zachary DeLuca
|
0-0: Ball 1-0: Ball 2-0: Ball 3-0: Base on Balls
|
|
Pitching: RHP Austin Maki
|
|
|
Batting: SHB Quincy Bradford
|
0-0: Ball 1-0: Ball 2-0: SINGLE (Groundball, 4D, EV 104.4 MPH) Zachary DeLuca to second Runner from 2nd tries for 3rd, SAFE, throw by CF made at trailing runner, OUT! 8-6
|
|
Batting: SHB D.J. Codd
|
0-0: Intentional Walk
|
|
Batting: RHB Robby Godwin
|
0-0: Ball 1-0: Ball 2-0: Called Strike 2-1: SINGLE (Line Drive, 9S, EV 102.5 MPH) Zachary DeLuca scores D.J. Codd to second
|
|
Batting: RHB Dave Glenn
|
0-0: DOUBLE (Flyball, 9LD, EV 97.5 MPH) D.J. Codd scores Robby Godwin to third Runner from 3rd tries for Home, SAFE, throw by RF to trailing runner, OUT at third! 9-3-5
|
| Top of the 14th over - 3 runs, 3 hits, 0 errors, 0 left on base; Oakland (WIN) 8 - Los Angeles (WIN) 5 |
| BOTTOM OF THE 14TH |
|
Los Angeles (WIN) Angels batting - Pitching for Oakland (WIN) Athletics : RHP Carlos Alaniz
|
|
Batting: RHB Timoleon Tsikouna
|
0-0: Ball 1-0: Ball 2-0: Swinging Strike 2-1: Ball 3-1: Called Strike 3-2: Strikes out swinging
|
|
Batting: LHB Rusty Ney
|
0-0: Called Strike 0-1: Ball 1-1: Ball 2-1: Foul Ball, location: 2F 2-2: Foul Ball, location: 2F 2-2: Foul Ball, location: 2F 2-2: Ball 3-2: Base on Balls
|
|
Batting: RHB Mike Alm
|
0-0: Called Strike 0-1: Foul Ball, location: 2F 0-2: Strikes out swinging
|
|
Batting: RHB Bjoern Waltersson
|
0-0: Foul Ball, location: 2F 0-1: DOUBLE (Groundball, 5L, EV 95.0 MPH) Rusty Ney to third
|
|
Batting: RHB Luis Romero
|
0-0: Swinging Strike 0-1: Called Strike 0-2: Foul Ball, location: 2F 0-2: Foul Ball, location: 2F 0-2: Ball 1-2: Ball Wild Pitch! Rusty Ney scores Bjoern Waltersson to third 2-2: Ground out U3 (Groundball, 34, EV 91.9 MPH)
|
| Bottom of the 14th over - 1 run, 1 hit, 0 errors, 1 left on base; Oakland (WIN) 8 - Los Angeles (WIN) 6 |
|